 Dungeon Crawl Stone Soup version 0.30-a0-424-g7412bad402 (webtiles) character file.

Game seed: 7817894281081927052

1198 rocky1 the Spear-Bearer (level 8, -1/63 HPs)
             Began as a Merfolk Fighter on Dec 9, 2022.
             Was a Follower of Okawaru.
             Killed from afar by a steam dragon (18 damage)
             ... with a ball of steam
             ... on level 6 of the Dungeon.
             The game lasted 00:11:28 (4863 turns).

rocky1 the Spear-Bearer (Merfolk Fighter)           Turns: 4863, Time: 00:11:29

Health: -1/63      AC:  9    Str: 23    XL:     8   Next: 44%
Magic:  10/10      EV:  9    Int:  7    God:    Okawaru [*.....]
Gold:   400        SH:  4    Dex:  9    Spells: 7/7 levels left

rFire   . . .      SeeInvis +    a - +0 trident
rCold   + . .      Faith    .    c - +0 buckler
rNeg    + . .      Spirit   .    b - +0 scale mail
rPois   .          Reflect  .    (no helmet)
rElec   .          Harm     .    (no cloak)
rCorr   .          Rampage  +    A - +0 pair of gloves
Will    .....                    g - +0 pair of boots
Stlth   ..........               w - amulet of Terymoxt {Rampage Regen+ Str+5 Dex-5 SInv}
HPRegen 1.10/turn                f - ring of protection from cold
MPRegen 0.12/turn                p - ring of positive energy

@: no status effects
A: (nimble swimmer 2), mertail
a: Renounce Religion, Heroism


You were on level 6 of the Dungeon.
You worshipped Okawaru.
Okawaru was aware of your devotion.
You visited 1 branch of the dungeon, and saw 6 of its levels.

You collected 400 gold pieces.

Inventory:

Hand Weapons
 a - a +0 trident (weapon)
Missiles
 k - 17 poisoned darts
 y - 4 curare-tipped darts (quivered)
 z - a throwing net
 E - a boomerang
Armour
 b - a +0 scale mail (worn)
 c - a +0 buckler (worn)
 g - a +0 pair of boots (worn)
 A - a +0 pair of gloves (worn)
Jewellery
 f - a ring of protection from cold (left hand)
 p - a ring of positive energy (right hand)
 t - a ring of willpower
 w - the amulet of Terymoxt (around neck) {Rampage Regen+ Str+5 Dex-5 SInv}
   (You found it on level 3 of the Dungeon)

   [amulet of regeneration]

   Str:       It affects your strength (+5).
   Dex:       It affects your dexterity (-5).
   SInv:      It lets you see invisible.
   Regen:     It increases your rate of health regeneration.
   Rampage:   It bestows one free step when moving towards enemies.
 x - a +6 ring of dexterity
Wands
 o - a wand of iceblast (7)
 r - a wand of quicksilver (7)
 D - a wand of mindburst (20)
Scrolls
 h - 2 scrolls of magic mapping
 i - 3 scrolls of teleportation
 l - 2 scrolls of fear
 n - a scroll of butterflies {unknown}
 q - a scroll of summoning {unknown}
 v - a scroll of noise {unknown}
 C - a scroll of brand weapon {unknown}
 G - a scroll of blinking {unknown}
 H - a scroll of amnesia {unknown}
Potions
 d - 2 potions of might
 e - 3 potions of attraction
 j - 5 potions of lignification
 m - 4 potions of curing
 s - 2 potions of degeneration
 u - a potion of ambrosia {unknown}
 B - a potion of magic {unknown}


   Skills:
 - Level 5.6 Fighting
 * Level 8.1 Polearms
 - Level 3.8 Armour
 - Level 5.0 Shields
 + Level 2.9 Invocations


You had 7 spell levels left.
You didn't know any spells.
Your spell library contained the following spells:

 Spells                   Type           Power      Damage    Failure   Level
 Foxfire                  Conj/Fire      0%         2x1d4     83%         1
 Fireball                 Conj/Fire      0%         3d3       100%        5
 Starburst                Conj/Fire      0%         6d3       100%        6


Dungeon Overview and Level Annotations

Branches:
Dungeon (6/15)
 Temple: D:4-7

Altars:
Ashenzari
Fedhas
Hepliaklqana
Makhleb
Okawaru
Qazlal
Sif Muna
Trog
The Shining One

Shops:
D:2 :


Innate Abilities, Weirdness & Mutations

((You are very nimble when in or above water. (Stealth+, EV+, Speed+++)))
Your lower body shifts to a powerful aquatic tail in water.


Message History

The steam dragon barely misses you. The steam dragon claws you.
The gnoll hits you from afar with a +0 spear.
You closely miss the steam dragon.
The steam dragon is almost dead.
A scorpion comes into view.
The steam dragon completely misses you. The steam dragon claws you.
The gnoll hits you but does no damage.
You hit the steam dragon.
The steam dragon is almost dead.
The steam dragon breathes steam at you. The ball of steam misses you.
The gnoll barely misses you.
You rampage towards the gnoll!
You puncture the gnoll!
The gnoll is severely wounded.
You are engulfed in a cloud of scalding steam.
The steam dragon breathes steam at you. The ball of steam hits you!
* * * LOW HITPOINT WARNING * * *
The gnoll hits you but does no damage.
You feel better.
You are engulfed in a cloud of scalding steam.
The steam dragon barely misses you.
The steam dragon claws you but does no damage.
The gnoll hits you with a +0 spear.
* * * LOW HITPOINT WARNING * * *
As you read the scroll of fear, it crumbles to dust.
You assume a fearsome visage.
The gnoll looks frightened!
The steam dragon looks frightened!
You are engulfed in a cloud of scalding steam.
The gnoll is engulfed in a cloud of scalding steam.
The gnoll dies!
You feel better.
You hit the scorpion.
The scorpion is lightly wounded.
The scorpion stings you but does no damage.
You hit the scorpion.
The scorpion is moderately wounded.
You block the scorpion's attack. The steam dragon breathes steam at you.
The ball of steam hits you!!
You die...

.... ...# .
......##+#...##..
.................
.................
....##...........
............##.##
...§....)(.......
.......).)..[.>..
...§§§.<.@§§D#...
....>...s....# .
..§§.........#
..........#......
..........#..#...
###...#.#..#.#...
#..##...:#.. .
#.. ###...#.. #.
#... ...


You could see a scorpion.

Vanquished Creatures
  Menkaure (D:4)
  An ice beast (D:5)
  An ogre (D:5)
  A kobold brigand (D:5)
  2 bullfrogs (D:4)
  A scorpion (D:4)
  3 jellies (D:5)
  4 hounds
  An iguana (D:5)
  An orc wizard (D:4)
  Natasha (thrice) (D:4)
  Ijyb (D:2)
  10 gnolls
  9 adders
  2 worms
  A dart slug (D:2)
  10 orcs
  9 ball pythons
  4 bats
  3 endoplasms (D:1)
  6 giant cockroaches
  14 goblins
  5 hobgoblins
  10 kobolds
  5 quokkas
  A frilled lizard (D:3)
  6 rats
115 creatures vanquished.

Vanquished Creatures (others)
  A gnoll (D:6)
  A kobold (D:6)
2 creatures vanquished.

Grand Total: 117 creatures vanquished

Notes
Turn   | Place    | Note
-------+----------+-------------------------------------------
     0 | D:1      | rocky1 the Merfolk Fighter began the quest for the Orb.
     0 | D:1      | Reached XP level 1. HP: 18/18 MP: 1/1
   314 | D:1      | Reached skill level 3 in Polearms
   314 | D:1      | Reached XP level 2. HP: 24/24 MP: 2/2
   895 | D:1      | Found a faded altar of an unknown god.
   908 | D:1      | Reached XP level 3. HP: 13/29 MP: 3/3
  1322 | D:2      | Found Pennein's Book Emporium.
  1351 | D:2      | Noticed Ijyb
  1387 | D:2      | Killed Ijyb
  1388 | D:2      | Reached XP level 4. HP: 23/37 MP: 4/4
  2293 | D:3      | Reached skill level 4 in Polearms
  2293 | D:3      | Reached XP level 5. HP: 30/42 MP: 5/5
  2388 | D:3      | Found a stormy altar of Qazlal.
  2390 | D:3      | Noticed an air elemental
  2391 | D:3      | Noticed a water elemental
  2391 | D:3      | Noticed a fire elemental
  2590 | D:3      | Identified the amulet of Terymoxt {Rampage Regen+ Str+5
                  | Dex-5 SInv}
  3028 | D:4      | Noticed Menkaure
  3036 | D:4      | Killed Menkaure
  3037 | D:4      | Reached XP level 6. HP: 44/49 MP: 6/6
  3176 | D:4      | Reached skill level 5 in Polearms
  3230 | D:4      | Reached skill level 5 in Fighting
  3417 | D:4      | Found a glowing golden altar of the Shining One.
  3423 | D:4      | Found a blossoming altar of Fedhas.
  3424 | D:4      | Found a hazy altar of Hepliaklqana.
  3426 | D:4      | Found a shimmering blue altar of Sif Muna.
  3426 | D:4      | Found an iron altar of Okawaru.
  3427 | D:4      | Found a bloodstained altar of Trog.
  3434 | D:4      | Found a broken altar of Ashenzari.
  3435 | D:4      | Became a worshipper of Warmaster Okawaru
  3479 | D:4      | Reached XP level 7. HP: 56/56 MP: 7/7
  3483 | D:4      | Noticed Natasha
  3508 | D:4      | Killed Natasha
  3625 | D:4      | Noticed Natasha
  3630 | D:4      | Killed Natasha
  4093 | D:4      | Noticed Natasha
  4111 | D:4      | Killed Natasha
  4166 | D:5      | Entered Level 5 of the Dungeon
  4191 | D:5      | Reached * piety under Okawaru
  4192 | D:5      | Reached skill level 5 in Shields
  4251 | D:5      | Reached skill level 6 in Polearms
  4372 | D:5      | Reached skill level 1 in Invocations
  4372 | D:5      | Reached XP level 8. HP: 57/63 MP: 8/8
  4472 | D:5      | Reached skill level 7 in Polearms
  4502 | D:5      | Found a burning altar of Makhleb.
  4798 | D:5      | Reached skill level 8 in Polearms
  4863 | D:6      | Killed from afar by a steam dragon

Illustrated notes

Levels and vault maps discovered:
D:1:      minmay_arrival_cross, layout_loops_corners,
          hellmonk_ecumenical_altar_run_dry, nrook_loot_triangle
D:2:      kennysheep_the_goblin_king, layout_basic, serial_glass,
          glass_columns_a, glass_columns_a, serial_shops, nicolae_square_shop,
          dk_noncrumbling_3, minivault_14
D:3:      layout_basic, nicolae_qazlal_style_of_elements, serial_aquarium,
          aquarium_bridge_long_joined [aquarium_subvault_bridge,
          aquarium_subvault_wall, aquarium_subvault_window,
          aquarium_subvault_balcony, aquarium_subvault_wall,
          aquarium_subvault_window], aquarium_bridge_square
          [aquarium_subvault_bridge, aquarium_subvault_bridge,
          aquarium_subvault_bridge, aquarium_subvault_window],
          aquarium_window_corridor_1, aquarium_window_fake,
          aquarium_window_fake, aquarium_view_4, aquarium_view_2b,
          interstate_on_off
D:4:      minmay_wonky_spiral, layout_basic,
          nicolae_overflow_hallway_of_the_gods,
          minmay_fractal_squares_gapless_5, uniq_menkaure, uniq_natasha
D:5:      layout_basic, kennysheep_mini_moat
D:6:      layout_basic, vehumet_altar_wand_db, hangedman_decor_peaks_small

Skill      XL: |  1  2  3  4  5  6  7  8 |
---------------+-------------------------+-----
Polearms       | 3 4 5 6 8 |  8.1
Fighting       | 4 5 |  5.6
Armour         | 3 |  3.8
Shields        | 4 5 |  5.0
Invocations    | 1 2 |  2.9

Action                   |  1- 3 |  4- 6 |  7- 9 || total
-------------------------+-------+-------+-------++-------
Melee: Trident           |   112 |   173 |   238 ||   523
Throw: Dart              |     3 |       |     2 ||     5
Evoke: Wand              |       |       |     1 ||     1
  Use: Scroll            |       |     1 |     7 ||     8
       Potion            |       |       |     2 ||     2
Armor: Scale mail        |    47 |    55 |    94 ||   196
Dodge: Dodged            |    47 |    74 |    88 ||   209
Block: Buckler           |    22 |    33 |    50 ||   105

Table legend: (Time is in decaauts)
 A = Elapsed time spent in this place.
 B = Non-inter-level travel time spent in this place.
 C = Inter-level travel time spent in this place.
 D = Time resting spent in this place.
 E = Time spent auto-exploring this place.
 F = Levels seen in this place.
 G = Mean time per level.
                   A        B        C        D        E       F      G
               +--------+--------+--------+--------+--------+-----+--------+
         Total |   4919 |   4644 |    275 |    531 |   3022 |   6 |  819.8 |
       Dungeon |   4919 |   4644 |    275 |    531 |   3022 |   6 |  819.8 |
               +--------+--------+--------+--------+--------+-----+--------+

Top non-repeatable levels by time:
     D:4: 1345 daAuts
     D:1: 1207 daAuts
     D:3: 927 daAuts
     D:2: 742 daAuts
     D:5: 663 daAuts
     D:6: 34 daAuts
